 Dungeon Crawl Stone Soup version 0.20.1-1-g8b1a95d (webtiles) character file.

27068 Timinator the Martial Artist (level 13, 0/100 HPs)
             Began as a Vampire Monk on Sept 25, 2017.
             Was a High Priest of Kikubaaqudgha.
             Slain by Rupert
             ... wielding a +3 battleaxe of electrocution
              (17 damage)
             ... on level 6 of the Lair of Beasts.
             The game lasted 03:54:23 (17443 turns).

Timinator the Martial Artist (Vampire Monk)        Turns: 17443, Time: 03:54:23

Health: 0/100      AC: -4    Str: 12    XL:     13   Next: 2%
Magic:  3/27       EV:  5    Int: 12    God:    Kikubaaqudgha [*****.]
Gold:   1086       SH:  0    Dex: 29    Spells: 5/28 levels left

rFire    . . .     SeeInvis +     - Unarmed
rCold    . . .     Gourm    .   (shield currently unavailable)
rNeg     + + +     Faith    .   (armour currently unavailable)
rPois    ∞         Spirit   .   (helmet currently unavailable)
rElec    .         Reflect  +   (cloak currently unavailable)
rCorr    .         Harm     .   (gloves currently unavailable)
MR       +....                  (boots currently unavailable)
Stlth    +++++.....             g - +3 amulet of reflection
Regen    0.3/turn               (ring currently unavailable)
MPRegen  0.2/turn               (ring currently unavailable)

@: bat-form, petrified, corroded, flying, very slightly contaminated, studying
Fighting, very quick
A: fangs 3, see invisible, agile 1, high mp 1, strong 1, wild magic 1
a: End Transformation, Receive Corpses, Torment, Renounce Religion


You were on level 6 of the Lair of Beasts.
You worshipped Kikubaaqudgha.
Kikubaaqudgha was extremely pleased with you.
You were not thirsty.
You were in vampire-bat-form.
You visited 4 branches of the dungeon, and saw 19 of its levels.
You also visited: Sewer.

You collected 1086 gold pieces.

Inventory:

Missiles
 F - 5 silver javelins (quivered)
Armour
 e - +0 ice dragon scales
 f - a +0 cloak (melded)
 j - a +2 pair of boots (melded)
 k - a +1 pair of gloves (melded)
 m - a +3 scale mail of poison resistance
 q - a +0 helmet (melded)
 O - a +0 troll leather armour (melded)
Jewellery
 g - a +3 amulet of reflection (around neck)
 l - an uncursed ring of positive energy
 s - the ring "Afefam" {*Tele +Fly Int+3 Dex+3}
   (You found it on level 3 of the Lair of Beasts)

   [ring of teleportation]

   It may teleport you next to monsters.
   It affects your intelligence (+3).
   It affects your dexterity (+3).
   It lets you fly.
 v - an uncursed ring of protection from cold
 A - an uncursed ring of flight
 I - a ring of resist corrosion (melded)
 J - the ring of Jisib (melded) {Int+3 Stlth-}
   (You found it on level 9 of the Dungeon)

   [ring of loudness]

   It affects your intelligence (+3).
   It makes you less stealthy.
 Y - the amulet "Myulahe" {Inacc rPois rN+ MR- Int+8}
   (You found it on level 2 of the Lair of Beasts)

   [amulet of inaccuracy]

   It reduces the accuracy of all your attacks.
   It affects your intelligence (+8).
   It protects you from poison.
   It protects you from negative energy.
   It affects your resistance to hostile enchantments.
Wands
 c - a wand of acid (0/15)
 n - a wand of acid (1/15)
 u - a wand of random effects (34/48)
 w - a wand of flame (23/48)
 z - a wand of confusion (11/48)
 D - a wand of scattershot (4/9)
 E - a wand of acid (8/15)
 N - a wand of clouds (6/9)
 S - a wand of iceblast (0/15)
 T - a wand of flame (23/48)
 V - a wand of acid (3/15)
 W - a wand of flame (15/48)
 X - a wand of digging (10/24)
Scrolls
 d - a scroll of fear {unknown}
 h - 2 scrolls of magic mapping {unknown}
 i - 6 scrolls of amnesia
 o - 2 scrolls of teleportation
 p - a scroll of immolation {unknown}
 r - 3 scrolls of fog {unknown}
 x - 5 scrolls of remove curse
 B - 5 scrolls of enchant weapon {unknown}
 L - 8 scrolls of identify
 Q - 2 scrolls of blinking {unknown}
 R - a scroll of enchant armour {unknown}
Potions
 b - 9 potions of blood
 C - 2 potions of mutation
 M - 2 potions of curing
 P - a potion of brilliance
Books
 a - Kikubaaqudgha's Catalogue of Evil
   (Kikubaaqudgha gifted it to you on level 8 of the Dungeon)

   Spells                             Type                      Level
   a - Excruciating Wounds            Charms/Necromancy            5
   b - Bolt of Draining               Conjuration/Necromancy       5
   c - Agony                          Necromancy                   5
   d - Cigotuvi's Embrace             Necromancy                   5
   e - Dispel Undead                  Necromancy                   5
 y - Kikubaaqudgha's Volume of Evil
   (Kikubaaqudgha gifted it to you in the Ecumenical Temple)

   Spells                             Type                      Level
   a - Pain                           Necromancy                   1
   b - Corpse Rot                     Necromancy                   2
   c - Sublimation of Blood           Necromancy                   2
   d - Regeneration                   Charms/Necromancy            3
   e - Control Undead                 Necromancy                   4
 G - a manual of Fighting
 Z - a book of Debilitation

   Spells                             Type                      Level
   a - Corona                         Hexes                        1
   b - Slow                           Hexes                        2
   c - Inner Flame                    Hexes/Fire                   3
   d - Portal Projectile              Hexes/Translocation          3
   e - Cause Fear                     Hexes                        4
   f - Leda's Liquefaction            Hexes/Earth                  4
Miscellaneous
 t - a phial of floods
 H - a fan of gales


   Skills:
 * Level 8.9 Fighting
 - Level 3.0 Armour
 * Level 10.8 Dodging
 - Level 3.0 Stealth
 + Level 14.3 Unarmed Combat
 * Level 8.3 Spellcasting
 * Level 9.4 Necromancy
 - Level 0.1 Evocations


You had 5 spell levels left.
You knew the following spells:

 Your Spells              Type           Power        Failure   Level  Hunger
a - Pain                  Necr           ####         1%          1    None
b - Regeneration          Chrm/Necr      ###.......   10%         3    ##.....
c - Agony                 Necr           #####...     13%         5    #####..
d - Slow                  Hex            #.......     30%         2    None
e - Dispel Undead         Necr           #####...     13%         5    #####..
f - Cigotuvi's Embrace    Necr           #####.....   13%         5    #####..
g - Sublimation of Blood  Necr           #####.....   1%          2    None


Dungeon Overview and Level Annotations

Branches:
Dungeon (10/15)            Temple (1/1) D:6            Lair (6/6) D:10
  Swamp (0/4) Lair:2        Snake (0/4) Lair:2          Orc (2/2) D:9
    Elf (0/3) Orc:2
  Slime: Lair:5-6

Altars:
Ashenzari
Cheibriados
Dithmenos
Elyvilon
Fedhas
Gozag
Hepliaklqana
Kikubaaqudgha
Makhleb
Nemelex Xobeh
Okawaru
Qazlal
Ru
Sif Muna
Trog
Uskayaw
Vehumet
Xom
Yredelemnul
Zin
The Shining One

Shops:
D:5 (=   D:9 %

Annotations:
D:9 2 transporters
Lair:6 exclusion: oklob plant, Rupert


Innate Abilities, Weirdness & Mutations

You have razor-sharp teeth.
You have supernaturally acute eyesight. (SInv)
((You can survive without breathing.))
You are agile. (Dex +2)
You have an increased reservoir of magic. (+10% MP)
Your muscles are strong. (Str +2)
Your spells are a little harder to cast, but a little more powerful.


Message History

The basilisk gazes at you.
You easily resist.
The water moccasin bites you.
Rupert hits you with a battleaxe of electrocution!!
You are electrocuted!
The oklob plant spits acid at you. The splash of acid hits you!
The acid corrodes you!
You are splashed with acid!
The acid burns!
* * * LOW HITPOINT WARNING * * *
The water moccasin bites you.
* * * LOW HITPOINT WARNING * * *
Rupert hits you with a battleaxe of electrocution!
* * * LOW HITPOINT WARNING * * *
The basilisk bites you.
* * * LOW HITPOINT WARNING * * *
The water moccasin bites you.
* * * LOW HITPOINT WARNING * * *
Rupert hits you with a battleaxe of electrocution!!
You die...
Kikubaaqudgha rasps: "You have failed me!
Welcome... oblivion!"

### ##... #.....
....... #...... ... ...
##...⌠... .l.....
##........ ...n...
##S.....### ..
.....#.###n@b..###.##..
#.#..⌠..#..l...........
#......#............+.
#⌠.<..'.⌠.<.⌠..⌠.P....#
#.....................
##.⌠.##............#.##
#... #...⌠...######..
..... ##.......###..##
......
##............#####


You could see Rupert (berserk), an oklob plant, a basilisk, a water moccasin and
a necrophage.

Vanquished Creatures
  2 hydras
  A two-headed ogre (D:9)
  Urug (Lair:4)
  Sonja (Lair:1)
  4 lindwurms (Lair:4)
  A manticore (D:8)
  7 spiny frogs
  6 komodo dragons
  A rime drake (Lair:5)
  A queen bee (D:8)
  A meliai (D:9)
  2 trolls
  2 polar bears
  7 hippogriffs
  A hornet (D:8)
  6 blink frogs
  The ghost of centipede the Digger, an amateur GrEE (D:4)
  4 basilisks
  3 wyverns
  A steam dragon (shapeshifter) (D:8)
  12 yaks
  3 nagas (Lair:2)
  3 wargs (Orc:1)
  A swamp worm (Lair:2)
  8 porcupines
  9 water moccasins
  2 sky beasts (D:9)
  3 ice beasts
  4 phantoms
  2 black bears
  6 orc warriors
  7 necrophages
  An eye of draining (D:9)
  3 centaurs
  3 wolves (Lair:5)
  10 ogres
  6 crocodiles
  5 big kobolds
  14 bullfrogs
  A bullfrog (shapeshifter) (D:9)
  17 killer bees (D:8)
  4 scorpions
  5 wights
  11 howler monkeys
  An electric eel (Lair:3)
  4 crimson imps
  A centaur zombie (D:5)
  11 orc priests
  A bullfrog zombie (D:8)
  A quasit (D:10)
  4 hounds
  Crazy Yiuf (D:2)
  14 orc wizards
  An iguana (D:8)
  9 worker ants
  A hound zombie (D:9)
  A hound skeleton (D:9)
  4 gnolls (D:9)
  17 adders
  4 river rats (Sewer)
  3 shadow imps
  3 oozes (Sewer)
  2 adder skeletons
  An adder zombie (D:5)
  9 worms
  3 dart slugs
  5 leopard geckos
  36 orcs
  4 ball pythons
  4 giant cockroaches
  5 goblins
  7 hobgoblins
  11 jackals
  7 quokkas
  6 bats
  9 frilled lizards
  27 kobolds
  A leopard gecko skeleton (D:5)
  13 rats
424 creatures vanquished.

Vanquished Creatures (others)
  2 kobolds (D:9)
  A fungus (Lair:4)
  A plant (Lair:4)
4 creatures vanquished.

Grand Total: 428 creatures vanquished

Notes
Turn   | Place    | Note
-------+----------+-------------------------------------------
     0 | D:1      | Timinator the Vampire Monk began the quest for the Orb.
     0 | D:1      | Reached XP level 1. HP: 17/17 MP: 1/1
    90 | D:1      | Reached XP level 2. HP: 20/23 MP: 2/2
   611 | D:2      | Reached XP level 3. HP: 28/28 MP: 3/3
   623 | D:2      | Found a burning altar of Makhleb.
   649 | D:2      | Reached skill level 4 in Unarmed Combat
  1305 | D:2      | Found a runed door.
  1309 | D:2      | Noticed Crazy Yiuf
  1311 | D:2      | Gained mutation: Your spells are a little harder to cast, but a little more powerful. [potion of mutation]
  1311 | D:2      | Gained mutation: You are frail. (-10% HP) [potion of mutation]
  1311 | D:2      | Gained mutation: You evolve. [potion of mutation]
  1314 | D:2      | Killed Crazy Yiuf
  1314 | D:2      | Reached XP level 4. HP: 31/31 MP: 4/4
  1484 | D:3      | Reached skill level 1 in Armour
  1517 | D:3      | Reached skill level 5 in Unarmed Combat
  1683 | D:3      | Reached XP level 5. HP: 33/36 MP: 5/5
  2290 | D:4      | Found a glowing drain.
  2318 | D:4      | Reached XP level 6. HP: 39/42 MP: 6/6
  2336 | D:4      | Reached skill level 6 in Unarmed Combat
  2375 | Sewer    | Entered a sewer
  2849 | Sewer    | Reached XP level 7. HP: 43/46 MP: 7/7
  3378 | D:4      | Noticed centipede's ghost (amateur GrEE)
  3491 | D:4      | Killed centipede's ghost
  3491 | D:4      | Reached skill level 5 in Dodging
  3491 | D:4      | Reached skill level 7 in Unarmed Combat
  3491 | D:4      | Reached skill level 1 in Spellcasting
  3793 | D:4      | You fall through a shaft for 2 floors!
  3811 | D:6      | Reached XP level 8. HP: 54/54 MP: 10/10
  3830 | D:6      | Reached skill level 8 in Unarmed Combat
  3850 | D:5      | Entered Level 5 of the Dungeon
  4040 | D:5      | Lost mutation: You are frail. (-10% HP) [potion of mutation]
  4040 | D:5      | Lost mutation: Your spells are a little harder to cast, but a little more powerful. [potion of mutation]
  4040 | D:5      | Lost mutation: You evolve. [potion of mutation]
  4040 | D:5      | Gained mutation: Your body sometimes deteriorates upon taking damage. [potion of mutation]
  4040 | D:5      | Gained mutation: Your muscles are strong. (Str +2) [potion of mutation]
  4040 | D:5      | Gained mutation: Your muscles are very strong. (Str +4) [potion of mutation]
  4041 | D:5      | Lost mutation: Your body sometimes deteriorates upon taking damage. [potion of mutation]
  4041 | D:5      | Lost mutation: Your muscles are very strong. (Str +4) [potion of mutation]
  4041 | D:5      | Gained mutation: You are agile. (Dex +2) [potion of mutation]
  4041 | D:5      | Gained mutation: You have an increased reservoir of magic. (+10% MP) [potion of mutation]
  4041 | D:5      | Gained mutation: Your spells are a little harder to cast, but a little more powerful. [potion of mutation]
  4339 | D:5      | Found Lifiga's Antique Weapon Boutique.
  4464 | D:5      | Found Tuudih's Jewellery Shoppe.
  4871 | D:6      | Reached skill level 9 in Unarmed Combat
  4887 | D:6      | Found a shattered altar of Ashenzari.
  4906 | D:6      | Found a staircase to the Ecumenical Temple.
  4919 | Temple   | Entered the Ecumenical Temple
  4979 | Temple   | Became a worshipper of Kikubaaqudgha
  4979 | Temple   | Reached * piety under Kikubaaqudgha
  4979 | Temple   | Identified Kikubaaqudgha's Volume of Evil (Kikubaaqudgha gifted it to you in the Ecumenical Temple)
  4979 | Temple   | Received a gift from Kikubaaqudgha
  4979 | Temple   | Reached ** piety under Kikubaaqudgha
  4983 | Temple   | Learned a level 1 spell: Pain
  4987 | Temple   | Learned a level 3 spell: Regeneration
  5208 | D:6      | Reached skill level 1 in Necromancy
  5566 | D:7      | Reached XP level 9. HP: 66/66 MP: 9/15
  6140 | D:8      | Noticed a queen bee
  6233 | D:8      | Reached skill level 10 in Unarmed Combat
  6284 | D:8      | Reached skill level 5 in Fighting
  6399 | D:8      | Reached *** piety under Kikubaaqudgha
  6399 | D:8      | Identified Kikubaaqudgha's Catalogue of Evil (Kikubaaqudgha gifted it to you on level 8 of the Dungeon)
  6399 | D:8      | Received a gift from Kikubaaqudgha
  6583 | D:8      | Noticed a two-headed ogre
  6628 | D:8      | Noticed a troll
  6728 | D:8      | Killed a troll
  6728 | D:8      | Reached XP level 10. HP: 48/74 MP: 18/18
  7070 | D:8      | Found a sparkling altar of Nemelex Xobeh.
  7335 | D:8      | Noticed a manticore
  7363 | D:8      | Killed a manticore
  7363 | D:8      | Reached skill level 11 in Unarmed Combat
  7615 | D:8      | Reached skill level 5 in Spellcasting
  7743 | D:8      | Found a faded altar of an unknown god.
  7743 | D:8      | Found a radiant altar of Vehumet.
  7748 | D:8      | Found a faded altar of an unknown god.
  7750 | D:8      | Found a blossoming altar of Fedhas.
  7751 | D:8      | Found a sacrificial altar of Ru.
  7907 | D:8      | Reached skill level 5 in Necromancy
  8050 | D:9      | Found a transporter.
  8055 | D:9      | Noticed a centaur warrior
  8059 | D:9      | Noticed a tengu warrior
  8119 | D:9      | Reached **** piety under Kikubaaqudgha
  8399 | D:9      | Reached skill level 12 in Unarmed Combat
  8513 | D:9      | Found a staircase to the Orcish Mines.
  8523 | D:9      | Found a transporter.
  8571 | D:9      | Noticed a cyan ugly thing
  8754 | D:9      | Found a white marble altar of Elyvilon.
  8967 | D:8      | Reached XP level 11. HP: 69/81 MP: 21/21
  9220 | D:8      | Learned a level 5 spell: Agony
  9349 | D:9      | Reached ***** piety under Kikubaaqudgha
  9397 | D:9      | Noticed a two-headed ogre
  9413 | D:9      | Killed a two-headed ogre
  9600 | D:9      | Got a heavily runed iron amulet
  9603 | D:9      | Identified the amulet "Casac" {Gourm rC+ MP+9 Stlth+} (You took it off a meliai on level 9 of the Dungeon)
  9628 | D:9      | Found Gick's Food Shoppe.
  9660 | D:9      | Found a shadowy altar of Dithmenos.
  9790 | D:9      | Got a clouded tin ring
  9980 | D:9      | Identified the ring of Jisib {Int+3 Stlth-} (You found it on level 9 of the Dungeon)
 10231 | Orc:1    | Entered Level 1 of the Orcish Mines
 10533 | Orc:2    | Entered Level 2 of the Orcish Mines
 10533 | Orc:2    | Found a staircase to the Elven Halls.
 10535 | Orc:2    | Noticed an orc high priest
 10731 | Orc:2    | Noticed a sixfirhy
 10731 | Orc:2    | Noticed an orc high priest
 10866 | D:10     | Entered Level 10 of the Dungeon
 11101 | D:10     | Found a staircase to the Lair.
 11146 | D:10     | Found a stormy altar of Qazlal.
 11529 | D:10     | Reached skill level 13 in Unarmed Combat
 11591 | Lair:1   | Entered Level 1 of the Lair of Beasts
 11957 | Lair:1   | Noticed Sonja
 11973 | Lair:1   | Killed Sonja
 12512 | Lair:2   | Found a staircase to the Snake Pit.
 13064 | Lair:2   | Got a heavily runed silver amulet
 13066 | Lair:2   | Identified the amulet "Myulahe" {Inacc rPois rN+ MR- Int+8} (You found it on level 2 of the Lair of Beasts)
 13261 | Lair:2   | Learned a level 2 spell: Slow
 13514 | Lair:2   | Found a staircase to the Swamp.
 13726 | Lair:3   | Reached skill level 10 in Dodging
 13726 | Lair:3   | Reached XP level 12. HP: 79/91 MP: 23/23
 14309 | Lair:3   | Got a scorched marble ring
 14311 | Lair:3   | Identified the ring "Afefam" {*Tele +Fly Int+3 Dex+3} (You found it on level 3 of the Lair of Beasts)
 14890 | Lair:4   | Reached skill level 14 in Unarmed Combat
 14898 | Lair:4   | Reached ****** piety under Kikubaaqudgha
 15236 | Lair:4   | Noticed a seven-headed hydra
 15854 | Lair:4   | Noticed Urug
 15962 | Lair:4   | Killed a seven-headed hydra
 16084 | Lair:4   | Learned a level 5 spell: Dispel Undead
 16090 | Lair:4   | Learned a level 5 spell: Cigotuvi's Embrace
 16230 | Lair:4   | Killed Urug
 16580 | Lair:4   | Learned a level 2 spell: Sublimation of Blood
 17318 | Lair:5   | You are sucked into a shaft!
 17318 | Lair:6   | Entered Level 6 of the Lair of Beasts
 17318 | Lair:6   | Noticed a four-headed hydra
 17326 | Lair:6   | Killed a four-headed hydra
 17332 | Lair:6   | Reached XP level 13. HP: 87/100 MP: 13/27
 17426 | Lair:6   | Noticed Rupert
 17443 | Lair:6   | Slain by Rupert

Skill      XL: |  1  2  3  4  5  6  7  8  9 10 11 12 |
---------------+-------------------------------------+-----
Unarmed Combat | 4 5 6 7 9 10 12 13 14 | 14.3
Fighting       | 3 4 5 6 7 8 |  8.9
Dodging        | 4 5 6 7 8 10 | 10.8
Armour         | 1 2 3 |  3.0
Spellcasting   | 1 3 4 5 6 8 |  8.3
Necromancy     | 2 4 5 7 9 |  9.4
Stealth        | |  3.0
Evocations     | |  0.1

Action                   |  1- 3 |  4- 6 |  7- 9 | 10-12 | 13-15 || total
-------------------------+-------+-------+-------+-------+-------++-------
Melee: Unarmed           |   130 |   239 |   477 |  1054 |     6 ||  1906
       Bite              |    17 |    34 |    58 |   172 |       ||   281
       Punch             |       |     6 |    27 |    82 |     1 ||   116
Throw: Javelin           |       |       |       |     1 |       ||     1
 Cast: Pain              |       |       |     5 |   117 |       ||   122
       Agony             |       |       |       |    21 |     3 ||    24
       Regeneration      |       |       |       |     3 |       ||     3
       Cigotuvi's Embrac |       |       |       |     6 |       ||     6
       Sublimation of Bl |       |       |       |     1 |     1 ||     2
Invok: Receive Corpses   |       |       |     2 |     3 |     1 ||     6
       Torment           |       |       |       |     1 |       ||     1
 Abil: Bat Form          |       |     2 |     6 |    13 |     1 ||    22
       End Transformatio |       |     2 |     5 |    11 |       ||    18
Evoke: Wand              |       |       |     3 |    17 |       ||    20
       Fan of gales      |       |       |       |     1 |       ||     1
  Use: Scroll            |     4 |     1 |     5 |    11 |       ||    21
       Potion            |     2 |     6 |    19 |    39 |     4 ||    70
 Stab: Sleeping          |     1 |     7 |    15 |     2 |       ||    25
       Distracted        |       |     1 |       |     1 |       ||     2
       Confused          |       |       |       |     2 |       ||     2
  Eat: Corpse            |     6 |     3 |     8 |    21 |       ||    38
Armor: Ice dragon scales |    48 |    57 |    13 |     1 |       ||   119
       Ring mail         |       |    31 |   111 |   179 |       ||   321
       Troll leather arm |       |       |       |    75 |       ||    75
       Skin              |       |       |       |     4 |       ||     4
       Scale mail        |       |       |       |    11 |       ||    11
Dodge: Dodged            |    56 |   124 |   257 |   774 |     5 ||  1216
Block: Other             |       |    14 |    52 |   126 |       ||   192
       Reflection        |       |       |     1 |     3 |       ||     4
